 Dungeon Crawl Stone Soup version 0.32-a0-918-g0f22ef8d61 (webtiles) character file.

Game seed: 5707450648306704898

1010 Marr the Thaumaturge (level 8, -12/41 HPs)
             Began as a Deep Elf Fire Elementalist on Apr 8, 2024.
             Was a Believer of Wu Jian.
             Shot with an arrow by a centaur (16 damage)
             ... on level 6 of the Dungeon on Apr 10, 2024.
             The game lasted 01:22:02 (3912 turns).

Marr the Thaumaturge (Deep Elf Fire Elementalist)   Turns: 3912, Time: 01:22:03

Health: -12/41     AC:  4    Str:  5    XL:     8   Next: 1%
Magic:  23/23      EV: 12    Int: 29    God:    Wu Jian [**....]
Gold:   282        SH:  0    Dex: 15    Spells: 12/25 levels left

rFire   + . .        s - +3 short sword (venom)
rCold   x . .        (no shield)
rNeg    . . .        a - +0 robe
rPois   .            t - +0 helmet
rElec   .            d - +0 cloak
rCorr   .            (no gloves)
SInv    .            (no boots)
Will    .....        j - amulet of magic regeneration
Stlth   ++           h - ring of fire
HPRegen 0.26/turn    m - +6 ring of intelligence
MPRegen 0.58/turn

%: no passive effects
@: no status effects
A: no striking features
a: Renounce Religion, Wall Jump


You were on level 6 of the Dungeon.
You worshipped Wu Jian.
Wu Jian was pleased with you.
You visited 2 branches of the dungeon, and saw 7 of its levels.

You collected 282 gold pieces.

Inventory:

Hand Weapons
 o - a +2 dagger of draining
 r - a +2 dagger of flaming
 s - a +3 short sword of venom (weapon)
Missiles
 e - 6 curare-tipped darts
 z - 2 throwing nets
Armour
 a - a +0 robe (worn)
 c - a scarf of resistance
 d - a +0 cloak (worn)
 t - a +0 helmet (worn)
Jewellery
 h - a ring of fire (left hand)
 j - an amulet of magic regeneration (around neck)
 l - an amulet of the acrobat
 m - a +6 ring of intelligence (right hand)
 w - a +6 ring of strength
Scrolls
 f - 2 scrolls of revelation
 i - a scroll of fear
 n - 3 scrolls of noise
 p - 2 scrolls of identify
 v - 2 scrolls of teleportation
 x - a scroll of poison
 y - a scroll of butterflies
Potions
 b - 2 potions of magic
 g - a potion of curing
 k - a potion of heal wounds {unknown}
 q - a potion of cancellation
 u - a potion of might {unknown}
 A - a potion of haste {unknown}
 B - a potion of mutation {unknown}


   Skills:
 + Level 2.8 Dodging
 + Level 3.4 Stealth
 + Level 9.0 Spellcasting
 + Level 2.7 Conjurations
 + Level 0.1 Hexes
 + Level 1.0 Translocations
 + Level 6.9 Fire Magic


You had 12 spell levels left.
You knew the following spells:

 Your Spells              Type           Power      Damage    Failure   Level
a - Foxfire               Conj/Fire      100%       2x1d9     1%          1
b - Scorch                Fire           100%       2d9       1%          2
c - Volatile Blastmotes   Fire/Tloc      100%       2d18      2%          3
d - Inner Flame           Hex/Fire       50%        N/A       3%          3
e - Flame Wave            Conj/Fire      57%        2d14      6%          4

Your spell library contained the following spells:

 Spells                   Type           Power      Damage    Failure   Level
 Apportation              Tloc           38%        N/A       2%          1
 Sting                    Conj/Alch      80%        1d8       2%          1
 Necrotise                Necr           52%        1d6       4%          1
 Summon Small Mammal      Summ           52%        N/A       4%          1
 Ensorcelled Hibernation  Hex/Ice        26%        N/A       6%          2
 Ignite Poison            Fire/Alch      49%        N/A       10%         4
 Fugue of the Fallen      Necr           13%        N/A       12%         3
 Tukima's Dance           Hex            13%        N/A       12%         3
 Dimensional Bullseye     Hex/Tloc       8%         N/A       32%         4
 Anguish                  Hex/Necr       6%         N/A       38%         4


Dungeon Overview and Level Annotations

Branches:
Dungeon (6/15)             Temple (1/1) D:4

Altars:
Ashenzari
Elyvilon
Kikubaaqudgha
Okawaru
Qazlal
Trog
Uskayaw
Wu Jian
Xom
Yredelemnul

Shops:
D:1 :

Annotations:
D:5 2 transporters, kuniqs's ghost, novice CoHu


Message History

You see here a +0 robe.
A centaur comes into view.
Found an escape hatch in the floor.
Press: ? - help, v - describe, . - travel
Here: a centaur (asleep)
An escape hatch in the floor.
Press: ? - help, v - describe, . - travel
Here: a centaur (asleep)
An escape hatch in the floor.
Okay, then.
The centaur shouts!
The centaur wields a +0 orcbow.
The centaur shoots an arrow.
The arrow barely misses you.
Casting: Scorch (safe; 1% risk of failure)
Confirm with . or Enter, or press ? or * to list all spells.
You feel a surge of power!
A cloud of volatile blastmotes flares up around you!
Run!
The centaur shoots an arrow.
The arrow hits you!
The centaur shoots an arrow.
The arrow hits you.
The centaur shoots an arrow.
The arrow closely misses you.
You hear an angry hiss.
The centaur shoots an arrow.
The arrow hits you!
You feel better.
The centaur shoots an arrow.
The arrow hits you!
* * * LOW HITPOINT WARNING * * *
The centaur shoots an arrow.
The arrow hits you!
* * * LOW HITPOINT WARNING * * *
The cloud of blastmotes explodes!
The concussive blast engulfs the centaur!!
The centaur is almost dead.
You hear a shout! x2
Casting: Volatile Blastmotes (dangerous; 2% risk of failure)
Confirm with . or Enter, or press ? or * to list all spells.
You can't see any susceptible monsters within range! (Use Z to cast anyway.)
Okay, then.
Casting: Volatile Blastmotes (dangerous; 2% risk of failure)
Confirm with . or Enter, or press ? or * to list all spells.
Okay, then.
Unknown command.
The centaur shoots an arrow.
The arrow hits you!
You die...

#....# ##....# #.....#
.....# #....# ## #####
##+##....# .##
##...###..##....# .<#
#..........[....+ ..#
#..........@..c.#
.######†.####.###.##.#
.##.#....# #.# #+# .#
.........# ... .c
.........# ..... ...
....##...##...##. ..##
....##...##...# .. ..#
....##...# ..#
....##...#


You could see a centaur.

Vanquished Creatures
  Eustachio (D:4)
  A black bear (D:6)
  5 wights (D:5)
  A bombardier beetle (D:6)
  A jelly (D:6)
  An orc priest (D:5)
  5 hounds
  An iguana (D:5)
  A sleepcap (D:5)
  A gnoll bouda (D:5)
  2 orc wizards (D:5)
  Robin (D:2)
  An adder (D:4)
  3 gnolls (D:5)
  A shadow imp (D:5)
  A dart slug (D:3)
  7 orcs (D:5)
  8 endoplasms
  3 giant cockroaches
  15 goblins
  8 hobgoblins
  7 kobolds
  2 quokkas (D:3)
  4 ball pythons
  2 bats (D:1)
  5 frilled lizards
  A rat (D:2)
89 creatures vanquished.

Vanquished Creatures (others)
  170 foxfires
170 creatures vanquished.

Grand Total: 259 creatures vanquished

Notes
Turn   | Place    | Note
-------+----------+-------------------------------------------
     0 | D:1      | Marr the Deep Elf Fire Elementalist began the quest for the
                  | Orb.
     0 | D:1      | Reached XP level 1. HP: 10/10 MP: 6/6
   176 | D:1      | Found Teitz's Vocational Training.
   180 | D:1      | Reached XP level 2. HP: 15/15 MP: 5/8
   562 | D:2      | Noticed Robin
   653 | D:2      | Reached XP level 3. HP: 17/19 MP: 5/9
   773 | D:2      | Got Xovyuget's Incunable of the Conflagrant Whammy
   777 | D:2      | Learned a level 2 spell: Scorch
   781 | D:2      | Learned a level 3 spell: Volatile Blastmotes
   928 | D:2      | Killed Robin
   929 | D:2      | Reached skill level 4 in Spellcasting
  1211 | D:2      | Found a faded altar of an unknown god.
  1228 | D:2      | Prayed at the altar of an unknown god.
  1228 | D:2      | Became a worshipper of the Wu Jian Council
  1228 | D:2      | Reached * piety under Wu Jian
  1485 | D:3      | Reached XP level 4. HP: 24/24 MP: 12/12
  2122 | D:3      | Found a shimmering altar of Xom.
  2232 | D:4      | Found a hide-covered altar of Uskayaw.
  2304 | D:4      | Learned a level 3 spell: Inner Flame
  2312 | D:4      | Found a staircase to the Ecumenical Temple.
  2361 | D:4      | Noticed Eustachio
  2391 | D:4      | Killed Eustachio
  2392 | D:4      | Reached skill level 5 in Spellcasting
  2392 | D:4      | Reached XP level 5. HP: 28/28 MP: 8/15
  2497 | D:4      | Learned a level 4 spell: Flame Wave
  2684 | D:4      | Reached skill level 5 in Fire Magic
  2745 | D:5      | Entered Level 5 of the Dungeon
  2783 | D:5      | Reached skill level 6 in Spellcasting
  2783 | D:5      | Reached XP level 6. HP: 32/32 MP: 14/17
  2856 | D:5      | Reached skill level 7 in Spellcasting
  2871 | D:5      | Reached XP level 7. HP: 36/36 MP: 13/19
  2935 | D:5      | HP: 1/36 [orc priest/divine providence (15)]
  2937 | D:5      | Reached skill level 8 in Spellcasting
  3059 | D:5      | Reached ** piety under Wu Jian
  3138 | D:5      | Found a transporter.
  3178 | D:5      | Noticed kuniqs's ghost (novice CoHu)
  3188 | D:5      | Found a transporter.
  3189 | D:5      | Noticed a hornet
  3394 | D:5      | Found an ornate altar of the Wu Jian Council.
  3692 | D:5      | Upgraded the game from 0.32-a0-913-g739538afd8 to
                  | 0.32-a0-918-g0f22ef8d61
  3730 | Temple   | Found a transporter.
  3730 | Temple   | Found a transporter.
  3730 | Temple   | Found a transporter.
  3730 | Temple   | Found a transporter.
  3730 | Temple   | Entered the Ecumenical Temple
  3879 | D:6      | Reached skill level 1 in Translocations
  3889 | D:6      | Reached skill level 9 in Spellcasting
  3889 | D:6      | Reached XP level 8. HP: 38/41 MP: 19/23
  3912 | D:6      | Shot with an arrow by a centaur

Illustrated notes

Levels and vault maps discovered:
D:1:      onia_arrival_mini_maze_b, layout_rooms, nicolae_shop_vocational
D:2:      wander_river, layout_rooms, basic_ecumenical_altar, uniq_robin
D:3:      layout_basic, xom_teletrap_fun, grunt_ministairs_12
D:4:      layout_basic, mainiacjoe_overflow_paths, minmay_temple_entry_ruins,
          uniq_eustachio
D:5:      layout_basic, mainiacjoe_overflow_tiny_flanked, gammafunk_ghost_hive
D:6:      layout_gridville, nicolae_hepliaklqana_hazy_memory,
          uniq_prince_ribbit1
Temple:   hellmonk_temple_divided_pantheon

Skill      XL: |  1  2  3  4  5  6  7 |
---------------+----------------------+-----
Fire Magic     | 4 5 6 |  6.9
Spellcasting   | 4 5 6 7 9 |  9.0
Conjurations   | 2 |  2.7
Stealth        | 3 |  3.4
Translocations | 1 |  1.0
Dodging        | |  2.8
Hexes          | |  0.1

Action                     |  1- 3 |  4- 6 |  7- 9 || total
---------------------------+-------+-------+-------++-------
  Melee: Dagger            |    20 |       |       ||    20
         Short sword       |     3 |     3 |       ||     6
   Cast: Foxfire           |    51 |    26 |    36 ||   113
         Scorch            |     6 |    18 |    21 ||    45
         Volatile Blastmot |       |     5 |    13 ||    18
         Inner Flame       |       |       |     1 ||     1
         Flame Wave        |       |       |     1 ||     1
    Use: Scroll            |     1 |     6 |     3 ||    10
         Potion            |       |       |     1 ||     1
 Armour: Robe              |    21 |     5 |     8 ||    34
  Dodge: Dodged            |    35 |     3 |     3 ||    41

Table legend: (Time is in decaauts)
 A = Elapsed time spent in this place.
 B = Non-inter-level travel time spent in this place.
 C = Inter-level travel time spent in this place.
 D = Time resting spent in this place.
 E = Time spent auto-exploring this place.
 F = Levels seen in this place.
 G = Mean time per level.
                   A        B        C        D        E       F      G
               +--------+--------+--------+--------+--------+-----+--------+
         Total |   3918 |   3758 |    160 |    179 |   1694 |   7 |  559.7 |
       Dungeon |   3835 |   3676 |    159 |    179 |   1694 |   6 |  639.2 |
        Temple |     82 |     82 |      0 |      0 |      0 |   1 |   82.0 |
               +--------+--------+--------+--------+--------+-----+--------+

Top non-repeatable levels by time:
     D:5: 994 daAuts
     D:3: 867 daAuts
     D:1: 689 daAuts
     D:2: 674 daAuts
     D:4: 561 daAuts
  Temple: 82 daAuts
     D:6: 48 daAuts
